cohdb
Replays
Latest Replays
All Replays
Popular Replays
Top Player Replays
Match Explorer
How It Works
Community
CoH3 Stats
Reddit
Sign in to upload your games and track your stats! →
Sign in with Steam
Top 10 DAK player w/team shows high level play
Match 32698051
Overview
Messages
Build Orders
End
Panzergrenadier Squad
Panzergrenadier Squad
Construct Light Support Kompanie
Panzerjäger Squad
Fire Support Elements
2.5-tonne Medical Truck
le.IG 18 Mechanized Group
Flakvierling Half-track
Pak 38 Anti-tank Gun Team
Selects Italian Infantry
Selects Guastatori Squad
Selects Registered Artillery
Construct Panzerarmee Kommand
Guastatori Squad
Pak 38 Anti-tank Gun Team
Construct Panzerarmee Kommand
Selects Towed Cannone da 105/28 Field Howitzer
Selects Defensive Operations
2.5-tonne Medical Truck
Flak 36 Anti-tank Gun Team
Panzerpioneer Squad
TuranArek
petslore
Hunter™
con_007
Hunter Blacked™
TieRant
0
0
Comments
sign in to comment!
No comments posted yet!